 Dungeon Crawl Stone Soup version 0.30-a0-860-g512cf1e979 (webtiles) character file.

Game seed: 3868512900573396579

1305 jasper the Chopper (level 8, -4/62 HPs)
             Began as a Demonspawn Fighter on Mar 7, 2023.
             Was a Follower of Cheibriados.
             Slain by an orc warrior
             ... wielding a +0 glaive
              (16 damage)
             ... in a bailey.
             The game lasted 00:06:06 (4769 turns).

jasper the Chopper (Demonspawn Fighter)             Turns: 4769, Time: 00:06:06

Health: -4/62      AC: 16    Str: 21    XL:     8   Next: 31%
Magic:  8/8        EV:  8    Int: 12    God:    Cheibriados [*.....]
Gold:   1339       SH:  4    Dex: 17    Spells: 7/7 levels left

rFire   . . .      SeeInvis .    a - +1 war axe
rCold   . . .      Faith    .    s - orb {light}
rNeg    . . .      Spirit   .    j - +0 plate armour
rPois   .          Reflect  .    t - +0 helmet
rElec   .          Rampage  .    (cloak unavailable)
rCorr   .                        c - +0 pair of gloves
Will    .....                    (no boots) Stlth
                                 (no amulet)
HPRegen 0.30/turn                (no ring)
MPRegen 0.11/turn                (no ring)

@: glowing, very slow
A: sharp scales 2, condensation shield, weakness stinger 3
a: Renounce Religion, Bend Time


You were in a bailey.
You worshipped Cheibriados.
Cheibriados was aware of your devotion.
You visited 1 branch of the dungeon, and saw 6 of its levels.
You also visited: Bailey.

You collected 1339 gold pieces.

Inventory:

Hand Weapons
 a - a +1 war axe (weapon)
 w - a +0 morningstar
 x - a +0 trident
Missiles
 k - 10 poisoned darts (quivered)
 r - 6 silver javelins
Armour
 b - a +1 scale mail
 c - a +0 pair of gloves (worn)
 j - a +0 plate armour (worn)
 s - an orb of light (worn)
 t - a +0 helmet (worn)
Wands
 v - a wand of flame (9)
Scrolls
 f - 4 scrolls of teleportation
 o - 2 scrolls of poison
 p - 2 scrolls of enchant weapon
Potions
 d - a potion of might
 e - 2 potions of haste
 h - a potion of curing
 i - a potion of ambrosia
 m - a potion of flight
 n - a potion of invisibility {unknown}
 q - a potion of experience {unknown}
 u - a potion of lignification {unknown}


   Skills:
 + Level 5.3 Fighting
 * Level 6.0 Axes
 + Level 4.9 Armour
 + Level 3.9 Dodging
 - Level 2.6 Shields


You had 7 spell levels left.
You didn't know any spells.
Your spell library contained the following spells:

 Spells                   Type           Power      Damage    Failure   Level
 Apportation              Tloc           0%         N/A       100%        1
 Kiss of Death            Conj/Necr      0%         2d5       100%        1
 Necrotise                Necr           0%         1d4       100%        1
 Summon Small Mammal      Summ           0%         N/A       100%        1
 Confusing Touch          Hex            0%         N/A       100%        3
 Vampiric Draining        Necr           0%         2d6       100%        3
 Dispel Undead            Necr           0%         3d6       100%        4
 Agony                    Necr           0%         N/A       100%        5
 Alistair's Intoxication  Tmut/Pois      0%         N/A       100%        5


Dungeon Overview and Level Annotations

Branches:
Dungeon (7/15)             Temple (0/1) D:6          Bailey (1/1)

Altars:
Cheibriados
Okawaru
Vehumet
Wu Jian


Innate Abilities, Weirdness & Mutations

You are mostly covered in razor-sharp scales. (AC +2, Slay +2)
A meltable shield of frost defends you. (SH +4)
You have a sharp stinger which inflicts weakening toxins.


Message History

The orc warrior hits you from afar with a +0 glaive!
The orc closely misses you.
You take 11 damage, and have 38/62 hp.
You hit the orc.
The orc is severely wounded.
You hit the orc but do no damage. The orc hits you but does no damage.
The orc warrior splashes around in the water.
The orc closely misses you. The orc hits you but does no damage.
You hit the orc.
You kill the orc!
Cheibriados appreciates the change of pace.
You hit the orc. The orc warrior closely misses you.
The orc hits you but does no damage.
The orc warrior hits you but does no damage.
You slash the orc!
You kill the orc!
Cheibriados appreciates the change of pace.
You block the orc warrior's attack.
Found a gate leading back out of this place.
The orc warrior splashes around in the water.
The orc warrior hits you with a +0 glaive!
You take 8 damage, and have 31/62 hp.
The orc warrior hits you with a +0 glaive!
The orc warrior hits you with a +0 glaive.
You take 8 damage, and have 23/62 hp.
You hit the orc warrior but do no damage.
The orc warrior splashes around in the water.
You barely miss the orc warrior.
The orc warrior hits you with a +0 glaive!
* * * LOW HITPOINT WARNING * * *
You take 7 damage, and have 17/62 hp.
You slash the orc warrior!
The orc warrior is heavily wounded.
The orc warrior hits you with a +0 glaive.
* * * LOW HITPOINT WARNING * * *
You take 5 damage, and have 12/62 hp.
You slash the orc warrior!
The orc warrior is severely wounded.
The orc warrior hits you with a +0 glaive!
You die...

#∩.~~..#+# ##.~~..#
#.~~..## #.~..##
#.~.##
#.~.########## #
#.~...)......## ..#
#.~~~~~~~~~~).##.∩.#
#.........))~@.##
##########..~o..#
##..~~.....
##..~~~~~~~
##........ #########


You could see an orc warrior.

Vanquished Creatures
  An orc warrior (D:6)
  An ice beast (D:6)
  A black bear (D:6)
  An ogre (D:6)
  A phantom (D:5)
  4 scorpions
  A howler monkey (D:4)
  A jelly (D:5)
  2 hounds (D:5)
  2 orc priests
  An iron imp (D:5)
  4 orc wizards
  2 iguanas
  9 gnolls
  3 adders
  3 shadow imps
  2 white imps (D:6)
  2 worms (D:2)
  22 orcs
  6 ball pythons
  2 bats
  5 endoplasms
  6 goblins
  2 hobgoblins
  2 jackals (D:1)
  2 quokkas
  2 frilled lizards (D:1)
  3 kobolds (D:1)
  7 rats
100 creatures vanquished.

Vanquished Creatures (others)
  An orc wizard (D:4)
  An orc (D:4)
  3 plants (D:6)
5 creatures vanquished.

Grand Total: 105 creatures vanquished

Notes
Turn   | Place    | Note
-------+----------+-------------------------------------------
     0 | D:1      | jasper the Demonspawn Fighter began the quest for the Orb.
     0 | D:1      | Reached XP level 1. HP: 18/18 MP: 1/1
    83 | D:1      | Reached skill level 2 in Axes
   101 | D:1      | Gained mutation: A meltable shield of frost defends you.
                  | (SH +4) [demonic ancestry]
   101 | D:1      | Reached XP level 2. HP: 24/24 MP: 2/2
   539 | D:1      | Reached XP level 3. HP: 29/29 MP: 3/3
   619 | D:1      | Reached skill level 1 in Dodging
  1188 | D:2      | You fall into a shaft and drop 2 floors!
  1267 | D:4      | Gained mutation: You have a small tail. [demonic ancestry]
  1267 | D:4      | Reached XP level 4. HP: 15/35 MP: 4/4
  1270 | D:4      | Reached skill level 3 in Axes
  1278 | D:4      | Gained mutation: You are partially covered in razor-sharp
                  | scales. (AC +1, Slay +1) [demonic ancestry]
  1278 | D:4      | Reached XP level 5. HP: 18/42 MP: 5/5
  1622 | D:4      | Gained mutation: You have a tail ending in a sharp stinger.
                  | [demonic ancestry]
  1622 | D:4      | Reached XP level 6. HP: 24/48 MP: 6/6
  2183 | D:4      | Identified a scroll of acquirement
  2183 | D:4      | Acquired 1113 gold pieces
  2307 | D:5      | Entered Level 5 of the Dungeon
  2433 | D:5      | Reached skill level 4 in Axes
  3002 | D:5      | Found an ornate altar of the Wu Jian Council.
  3084 | D:5      | Found a snail-covered altar of Cheibriados.
  3099 | D:5      | Became a worshipper of Cheibriados the Contemplative
  3136 | D:5      | Found a radiant altar of Vehumet.
  3257 | D:5      | Gained mutation: You are mostly covered in razor-sharp
                  | scales. (AC +2, Slay +2) [demonic ancestry]
  3257 | D:5      | Reached XP level 7. HP: 54/55 MP: 7/7
  3318 | D:5      | Found the +0 staff of Battle
  3661 | D:6      | Reached skill level 5 in Axes
  3793 | D:6      | Reached skill level 5 in Fighting
  3804 | D:6      | Gained mutation: You have a sharp stinger which inflicts
                  | weakening toxins. [demonic ancestry]
  3804 | D:6      | Reached XP level 8. HP: 56/62 MP: 8/8
  3958 | D:6      | Found an iron altar of Okawaru.
  4160 | D:6      | Reached * piety under Cheibriados
  4244 | D:6      | Found a staircase to the Ecumenical Temple.
  4546 | D:6      | Reached skill level 6 in Axes
  4673 | D:7      | Found a flagged portal.
  4682 | Bailey   | Entered a bailey
  4769 | Bailey   | Slain by an orc warrior

Illustrated notes

Levels and vault maps discovered:
D:1:      minmay_arrival_wavy_path, layout_rooms, minmay_misc_feat_encased,
          chequers_serial_rivers_small_b, glass_columns_a
D:2:      layout_loops_corners
D:4:      layout_basic, zin_statuary
D:5:      layout_layer_cave, slow_altar_2, mainiacjoe_overflow_big_doors,
          nicolae_vehumet_radiance
D:6:      layout_basic, mainiacjoe_overflow_concentric_impassable,
          minmay_temple_entry_gardened_gates
D:7:      layout_cave_pods, nicolae_uskayaw_dance_studio, kennysheep_little_box,
          enter_bailey_3, nicolae_sextant, st_stairs_14
Bailey:   bailey_polearm_1, bailey

Skill      XL: |  1  2  3  4  5  6  7  8 |
---------------+-------------------------+-----
Axes           | 2 3 4 5 6 |  6.0
Armour         | 3 4 |  4.9
Dodging        | 1 2 3 |  3.9
Fighting       | 4 5 |  5.3
Shields        | |  2.6

Action                     |  1- 3 |  4- 6 |  7- 9 || total
---------------------------+-------+-------+-------++-------
  Melee: War axe           |   103 |    78 |    80 ||   261
         Tailslap          |       |     9 |    16 ||    25
         Punch             |       |     1 |       ||     1
  Throw: Stone             |       |    12 |    23 ||    35
         Dart              |       |       |     9 ||     9
    Use: Potion            |       |     2 |     1 ||     3
         Scroll            |       |     8 |     1 ||     9
 Armour: Scale mail        |    28 |    39 |     5 ||    72
         Plate armour      |       |       |    40 ||    40
  Dodge: Dodged            |    41 |    49 |    40 ||   130
  Block: Buckler           |    38 |       |       ||    38
         Other             |     7 |     5 |       ||    12
         Orb               |       |     9 |    21 ||    30

Table legend: (Time is in decaauts)
 A = Elapsed time spent in this place.
 B = Non-inter-level travel time spent in this place.
 C = Inter-level travel time spent in this place.
 D = Time resting spent in this place.
 E = Time spent auto-exploring this place.
 F = Levels seen in this place.
 G = Mean time per level.
                   A        B        C        D        E       F      G
               +--------+--------+--------+--------+--------+-----+--------+
         Total |   5255 |   5083 |    172 |    108 |   4075 |   7 |  750.7 |
       Dungeon |   5141 |   4969 |    172 |    108 |   4034 |   6 |  856.8 |
        Bailey |    113 |    113 |      0 |      0 |     40 |   1 |  113.0 |
               +--------+--------+--------+--------+--------+-----+--------+

Top non-repeatable levels by time:
     D:5: 1434 daAuts
     D:6: 1254 daAuts
     D:4: 1116 daAuts
     D:1: 795 daAuts
     D:2: 437 daAuts
  Bailey: 113 daAuts
     D:7: 103 daAuts
